 Dungeon Crawl Stone Soup version 0.19-a0-1676-g39ae8cc (webtiles) character file.

29 ololoev the Firebug (level 3, 0/17 HPs)
             Began as a Vine Stalker Fire Elementalist on Sept 23, 2016.
             Succumbed to an adder's poison
             ... on level 2 of the Dungeon.
             The game lasted 00:04:36 (975 turns).

ololoev the Firebug (Vine Stalker Fire Elementalist) Turns: 975, Time: 00:04:37

Health: 0/17       AC:  5    Str: 11    XL:     3   Next: 16%
Magic:  1/7        EV: 10    Int: 15    God:
Gold:   38         SH:  0    Dex: 14    Spells: 1 memorised, 5 levels left

rFire  . . .     SeeInvis .     b - +1 hunting sling
rCold  . . .     Gourm    .     g - +0 ring mail
rNeg   . . .     Faith    .     (no shield)
rPois  .         Spirit   +     (no helmet)
rElec  .         Dismiss  .     (no cloak)
rCorr  .         Reflect  .     (no gloves)
MR     .....     Harm     .     (no boots)
Stlth  +.........               (no amulet)
                                (no ring)
                                d - +3 ring of slaying

@: lethally poisoned (0 -> -9)
A: fangs 2, magic shield, antimagic bite, no device heal 3, rot immunity
a: no special abilities


Innate Abilities, Weirdness & Mutations

You have extremely sharp teeth.
When hurt, damage is shared between your health and your magic reserves.
Your bite disrupts and absorbs the magic of your enemies.
Potions and wands cannot restore your health.
You are immune to rotting.

Inventory:

Hand Weapons
 b - a +1 hunting sling (weapon)
Missiles
 e - 23 stones (quivered)
Armour
 g - a +0 ring mail (worn)
Jewellery
 d - a +3 ring of slaying (left hand)
Books
 a - a book of Flames

   Spells                             Type                      Level
   a - Flame Tongue                   Conjuration/Fire             1
   b - Throw Flame                    Conjuration/Fire             2
   c - Conjure Flame                  Conjuration/Fire             3
   d - Inner Flame                    Hexes/Fire                   3
   e - Sticky Flame                   Conjuration/Fire             4
   f - Fireball                       Conjuration/Fire             5
Comestibles
 c - 2 bread rations


   Skills:
 + Level 0.6 Fighting
 + Level 1.1 Throwing
 + Level 0.5 Armour
 - Level 1.5 Dodging
 - Level 2.4 Stealth
 * Level 1.4 Unarmed Combat
 - Level 2.1 Spellcasting
 - Level 1.0 Conjurations
 - Level 3.0 Fire Magic


You had 5 spell levels left.
You knew the following spells:

 Your Spells              Type           Power        Failure   Level  Hunger
a - Flame Tongue          Conj/Fire      #....        24%         1    #......


You were on level 2 of the Dungeon.
You were not hungry.

You visited 1 branch of the dungeon, and saw 2 of its levels.

You collected 38 gold pieces.

##.(.....$.##.... ....
................
........(............
........(............
........$......!.....
......#5...........#
......#h.....$.....+
.......@....#....).#
........S...#......+
................#+##
.....#......)..##+##..
.....+................
.#+###......###.......
#..<.#...............
######.............##
...............+

Notes
Turn   | Place    | Note
-------+----------+-------------------------------------------
     0 | D:1      | ololoev the Vine Stalker Fire Elementalist began the quest for the Orb.
     0 | D:1      | Reached XP level 1. HP: 9/9 MP: 4/4
   315 | D:1      | Reached XP level 2. HP: 14/14 MP: 6/6
   350 | D:1      | Reached skill level 1 in Throwing
   432 | D:1      | Reached skill level 1 in Unarmed Combat
   662 | D:1      | Reached XP level 3. HP: 17/17 MP: 7/7
   956 | D:2      | Noticed Natasha
   975 | D:2      | Succumbed to an adder's poison

Dungeon Overview and Level Annotations

Branches:
Dungeon (2/15)

Altars:

Annotations:
D:2 Natasha


Message History

Press: ? - help, Shift-Dir - straight line, f/p - hobgoblin
Aim: a hobgoblin You shoot a stone.
The stone hits the hobgoblin.
You kill the hobgoblin!
No target in view!
e - 32 stones (gained 1)
e - 33 stones (gained 1) Natasha, Servant of Life and Death comes into view.
Found 10 gold pieces.
Press: ? - help, v - describe, . - travel
Here: Natasha (resting)
The floor.
Natasha hisses angrily.
Firing (i - inventory):
e - 33 stones (quivered)
Press: ? - help, Shift-Dir - straight line, f - Natasha
Aim: Natasha You shoot a stone.
The stone hits Natasha.
Natasha is moderately wounded.
Firing (i - inventory):
e - 32 stones (quivered)
Press: ? - help, Shift-Dir - straight line, f/p - Natasha
Aim: Natasha (moderately wounded)
You shoot a stone. The stone hits Natasha.
Natasha is heavily wounded.
Firing (i - inventory):
e - 31 stones (quivered)
Press: ? - help, Shift-Dir - straight line, f/p - Natasha
Aim: Natasha (heavily wounded)
You shoot a stone.
The stone hits Natasha but does no damage.
Natasha is heavily wounded.
An adder comes into view.
Firing (i - inventory):
e - 30 stones (quivered)
Press: ? - help, Shift-Dir - straight line, f/p - Natasha
Aim: Natasha (heavily wounded)
You shoot a stone. The stone closely misses Natasha.
The adder hisses angrily.
Natasha mumbles some strange words.
Firing (i - inventory):
e - 29 stones (quivered)
Press: ? - help, Shift-Dir - straight line, f/p - Natasha
Aim: Natasha (heavily wounded)
You shoot a stone. The stone hits Natasha.
Natasha is heavily wounded.
Natasha misses you.
The crimson imp blinks!
You aren't carrying any potions.
Unknown command.
As you read the scroll labeled QASUIG FEUSE, it crumbles to dust.
It is a scroll of enchant weapon.
Your +0 hunting sling glows red for a moment.
Natasha closely misses you.
Firing (i - inventory):
e - 28 stones (quivered)
Press: ? - help, Shift-Dir - straight line, f/p - Natasha
Aim: Natasha (heavily wounded)
You shoot a stone. The stone barely misses Natasha.
Natasha claws you. The crimson imp closely misses you. Natasha claws you.
Firing (i - inventory):
e - 27 stones (quivered)
Press: ? - help, Shift-Dir - straight line, f/p - Natasha
Aim: Natasha (heavily wounded)
You shoot a stone. The stone closely misses Natasha.
The adder bites you.
The crimson imp blinks!
Natasha claws you but does no damage. The adder misses you.
Firing (i - inventory):
e - 26 stones (quivered)
Press: ? - help, Shift-Dir - straight line, f/p - Natasha
Aim: Natasha (heavily wounded)
You shoot a stone. The stone hits Natasha.
Natasha is almost dead.
The adder bites you.
You are poisoned.
The adder poisons you! Natasha claws you.
Firing (i - inventory):
e - 25 stones (quivered)
Press: ? - help, Shift-Dir - straight line, f/p - Natasha
Aim: Natasha (almost dead)
You shoot a stone. The stone barely misses Natasha.
The stone misses the crimson imp.
You feel sick. The adder bites you but does no damage. Natasha claws you!
The adder bites you but does no damage.
Firing (i - inventory):
e - 24 stones (quivered)
Press: ? - help, Shift-Dir - straight line, f/p - Natasha
Aim: Natasha (almost dead)
You shoot a stone. The stone barely misses Natasha.
The stone misses the crimson imp.
You die...

You could see Natasha, a crimson imp and an adder.

Vanquished Creatures
  An ooze (D:1)
  A dart slug (D:1)
  A leopard gecko (D:1)
  4 bats (D:1)
  A giant cockroach (D:1)
  3 hobgoblins
  6 goblins
  4 kobolds (D:1)
21 creatures vanquished.

Action                   || total
-------------------------++-------
Melee: Unarmed           ||     8
       Punch             ||     1
       Bite              ||     1
 Fire: Hunting sling     ||    16
Throw: Stone             ||    47
 Cast: Flame Tongue      ||     3
  Use: Scroll            ||     1
Armor: Robe              ||     2
       Ring mail         ||     6
Dodge: Dodged            ||    12

Vault maps used:
D:1:      lightli_arrival_isolated_outpost
D:2:      minmay_pentomino_z4, uniq_iyjb, uniq_natasha, uniq_terence
